 Dungeon Crawl Stone Soup version 0.28-a0-556-gab23d0e057 (webtiles) character file.

Game seed: 8358926456283468207

79 Rennog the Skirmisher (level 4, -3/34 HPs)
             Began as an Octopode Fighter on Sept 28, 2021.
             Slain by a gnoll (12 damage)
             ... on level 3 of the Dungeon.
             The game lasted 00:02:05 (1641 turns).

Rennog the Skirmisher (Octopode Fighter)            Turns: 1641, Time: 00:02:05

Health: -3/34      AC:  5    Str: 16    XL:     4   Next: 37%
Magic:  4/4        EV: 13    Int: 10    God:
Gold:   82         SH:  4    Dex: 11    Spells: 3/3 levels left

rFire   . . .      SeeInvis .   a - +0 rapier
rCold   . . .      Faith    .   b - +0 buckler
rNeg    . . .      Spirit   .   (helmet restricted)
rPois   .          Reflect  .   (no amulet)
rElec   .          Harm     .   e - ring of willpower
rCorr   .          Rampage  .   f - +4 ring of protection
Will    +....                   (no ring)
Stlth   ++........              (no ring)
HPRegen 0.11/turn               (no ring)
MPRegen 0.09/turn               (no ring)
                                (no ring)
                                (no ring)

@: no status effects
A: almost no armour, amphibious, 8 rings, camouflage 1, gelatinous body 1,
(nimble swimmer 1), tentacles
a: no special abilities


You were on level 3 of the Dungeon.
You visited 1 branch of the dungeon, and saw 3 of its levels.

You collected 82 gold pieces.

Inventory:

Hand Weapons
 a - a +0 rapier (weapon)
Armour
 b - a +0 buckler (worn)
Jewellery
 e - a ring of willpower (left tentacle)
 f - a +4 ring of protection (right tentacle)
Wands
 j - a wand of acid (11)
Scrolls
 d - a scroll of teleportation {unknown}
 k - 2 scrolls of identify {unknown}
Potions
 c - a potion of might
 g - a potion of magic {unknown}
 h - a potion of flight {unknown}
 i - a potion of curing {unknown}
 l - a potion of degeneration {unknown}


   Skills:
 * Level 4.5 Fighting
 - Level 2.0 Short Blades
 + Level 3.7 Dodging
 - Level 3.0 Shields


You had 3 spell levels left.
You didn't know any spells.
Your spell library contained the following spells:

 Spells                   Type           Power      Damage    Failure   Level
 Conjure Flame            Conj/Fire      0%         6-21      77%         3
 Ignite Poison            Fire/Tmut/Pois 0%         N/A       77%         3
 Sticky Flame             Conj/Fire      0%         2d3       99%         4


Dungeon Overview and Level Annotations

Branches:
Dungeon (3/15)

Altars:
Sif Muna


Innate Abilities, Weirdness & Mutations

You cannot wear most types of armour.
You are amphibious.
You can wear up to eight rings at the same time.
Your skin changes colour to match your surroundings (Stealth+).
Your rubbery body absorbs attacks. (AC +1, EV +1)
((You are camouflaged near water. (Stealth+)))
You have tentacles for arms and can constrict up to eight enemies at once.


Message History

You hit the gnoll but do no damage.
The gnoll is severely wounded.
You constrict the gnoll. The gnoll completely misses you.
You hit the gnoll but do no damage.
The gnoll is almost dead.
You constrict the gnoll.
You kill the gnoll!
You have reached level 4!
You completely miss the gnoll. Your grab misses the gnoll.
A gnoll comes into view. It is wielding a +0 halberd.
The gnoll barely misses you.
You closely miss the gnoll. You grab the gnoll. You squeeze the gnoll.
The gnoll is moderately wounded.
You constrict the gnoll. You block the bat's attack.
The bat hits you but does no damage. The gnoll hits you with a +0 whip.
You hit the gnoll.
The gnoll is heavily wounded.
You constrict the gnoll. The bat hits you but does no damage.
You block the bat's attack. The gnoll barely misses you.
You hit the gnoll.
You squeeze the gnoll, but do no damage.
The gnoll is almost dead.
You constrict the gnoll. The bat hits you. The gnoll barely misses you.
You block the gnoll's attack.
You puncture the gnoll!
You kill the gnoll!
The bat closely misses you.
You hit the gnoll. You grab the gnoll. You squeeze the gnoll!
You kill the gnoll!
The bat barely misses you.
You puncture the bat!
You kill the bat!
The gnoll hits you from afar with a +0 halberd!
* * * LOW HITPOINT WARNING * * *
You are too injured to fight recklessly!
The gnoll misses you.
Items here: )))) ††.
You barely miss the gnoll. Your grab misses the gnoll.
The gnoll hits you with a +0 halberd!
You die...

######.##........#
#
.<.........$.....
. .
.#####.#####..# .#
.. .#
#........####.##.
##
########.##..<..
#.##[#.#####
#...........
####.###### #@#
#g# #.. ###. .# #


You could see a gnoll.

Vanquished Creatures
  3 gnolls (D:3)
  A worm (D:2)
  A dart slug (D:1)
  6 ball pythons
  3 bats
  5 endoplasms
  3 giant cockroaches
  3 goblins
  2 hobgoblins (D:1)
  3 jackals (D:1)
  5 quokkas
  A frilled lizard (D:1)
  3 kobolds
  2 rats (D:1)
41 creatures vanquished.

Notes
Turn   | Place    | Note
-------+----------+-------------------------------------------
     0 | D:1      | Rennog the Octopode Fighter began the quest for the Orb.
     0 | D:1      | Reached XP level 1. HP: 16/16 MP: 1/1
   109 | D:1      | Found a faded altar of an unknown god.
   120 | D:1      | Became a worshipper of Sif Muna the Loreminder
   120 | D:1      | Reached * piety under Sif Muna
   123 | D:1      | Fell from the grace of Sif Muna
   258 | D:1      | Reached XP level 2. HP: 20/21 MP: 2/2
   259 | D:1      | You fall into a shaft and drop 1 floor!
   561 | D:1      | Reached XP level 3. HP: 27/27 MP: 3/3
   766 | D:1      | Reached skill level 4 in Fighting
  1633 | D:3      | Reached XP level 4. HP: 20/33 MP: 4/4
  1641 | D:3      | Slain by a gnoll

Illustrated notes

Levels and vault maps discovered:
D:1:      evilmike_arrival_rings, layout_basic,
          hellmonk_ecumenical_altar_run_dry
D:2:      layout_rooms, minmay_tetromino_s4
D:3:      layout_loops_cross, portal_sewer_entry_e

Skill      XL: |  1  2  3 |
---------------+----------+-----
Fighting       | 4 |  4.5
Short Blades   | |  2.0
Dodging        | |  3.7
Shields        | |  3.0

Action                   |  1- 3 |  4- 6 || total
-------------------------+-------+-------++-------
Melee: Rapier            |    64 |     8 ||    72
       Tentacles         |    14 |     3 ||    17
       Constrict         |    16 |     2 ||    18
Invok: Renounce Religion |     1 |       ||     1
 Stab: Sleeping          |     6 |       ||     6
Armor: Skin              |    15 |     2 ||    17
Dodge: Dodged            |    23 |     6 ||    29
Block: Buckler           |    12 |     3 ||    15

Table legend: (Time is in decaauts)
 A = Elapsed time spent in this place.
 B = Non-inter-level travel time spent in this place.
 C = Inter-level travel time spent in this place.
 D = Time resting spent in this place.
 E = Time spent auto-exploring this place.
 F = Levels seen in this place.
 G = Mean time per level.
                   A        B        C        D        E       F      G
               +--------+--------+--------+--------+--------+-----+--------+
         Total |   1648 |   1565 |     83 |      0 |   1301 |   3 |  549.3 |
       Dungeon |   1648 |   1565 |     83 |      0 |   1301 |   3 |  549.3 |
               +--------+--------+--------+--------+--------+-----+--------+

Top non-repeatable levels by time:
     D:1: 1088 daAuts
     D:2: 480 daAuts
     D:3: 79 daAuts
